 Dungeon Crawl Stone Soup version 0.28.0-43-g3370ac3207 (webtiles) character file.

Game seed: 12271333703011899642

431 boopmooplesden the Slasher (level 6, -5/55 HPs)
             Began as a Minotaur Fighter on Mar 7, 2022.
             Slain by Sigmund
             ... wielding a +0 scythe
              (7 damage)
             ... on level 3 of the Dungeon.
             The game lasted 00:03:36 (3317 turns).

boopmooplesden the Slasher (Minotaur Fighter)       Turns: 3317, Time: 00:03:37

Health: -5/55      AC:  7    Str: 23    XL:     6   Next: 66%
Magic:  5/5        EV: 10    Int:  5    God:
Gold:   98         SH:  4    Dex:  9    Spells: 5/5 levels left

rFire   . . .      SeeInvis .   a - +0 long sword
rCold   . . .      Faith    .   c - +0 buckler
rNeg    . . .      Spirit   .   b - +0 scale mail
rPois   .          Reflect  .   (helmet restricted)
rElec   .          Harm     .   (no cloak)
rCorr   .          Rampage  .   (no gloves)
Will    .....                   (no boots)
Stlth   ..........              (no amulet)
HPRegen 0.18/turn               (no ring)
MPRegen 0.09/turn               (no ring)

@: no status effects
A: horns 2, retaliatory headbutt
a: no special abilities


You were on level 3 of the Dungeon.
You visited 1 branch of the dungeon, and saw 3 of its levels.
You also visited: Sewer.

You collected 98 gold pieces.

Inventory:

Hand Weapons
 a - a +0 long sword (weapon)
 g - a +1 short sword of electrocution
Armour
 b - a +0 scale mail (worn)
 c - a +0 buckler (worn)
 p - a +0 troll leather armour {Pargi}
Jewellery
 s - a ring of protection from cold
Wands
 i - a wand of paralysis (5)
Scrolls
 h - a scroll of teleportation {unknown}
 l - 2 scrolls of fog {unknown}
 m - a scroll of magic mapping {unknown}
 q - 2 scrolls of vulnerability {unknown}
Potions
 d - 2 potions of might
 e - 4 potions of curing
 f - 3 potions of magic {unknown}
 j - a potion of cancellation {unknown}
 k - a potion of brilliance {unknown}
 n - a potion of heal wounds {unknown}
 o - a potion of haste {unknown}
 r - 2 potions of attraction {unknown}


   Skills:
 + Level 4.9 Fighting
 + Level 6.1 Long Blades
 + Level 5.2 Armour
 + Level 1.6 Dodging
 + Level 0.4 Stealth
 + Level 4.4 Shields


You had 5 spell levels left.
You didn't know any spells.
Your spell library was empty.

Dungeon Overview and Level Annotations

Branches:
Dungeon (3/15)              Sewer (visited)

Altars:

Shops:
D:3 [

Annotations:
D:3 Sigmund


Innate Abilities, Weirdness & Mutations

You have a pair of horns on your head.
You reflexively headbutt those who attack you in melee.


Message History

The ogre is heavily wounded.
You feel sick. You block the ogre's attack.
You slash the ogre! Your headbutt misses the ogre.
The ogre is almost dead.
You feel sick.
You are no longer poisoned.
The ogre closely misses you.
You hit the ogre.
You kill the ogre!
Your Long Blades skill increases to level 6!
You barely miss the kobold. You headbutt the kobold.
You kill the kobold!
Something hits you but does no damage. Something hits you!
Items here: ( ))) ††.
You miss something. You barely miss something. Something hits you.
You miss something. Your headbutt misses something.
Something completely misses you.
You closely miss something. Your headbutt misses something. Something hits you.
You closely miss something. You completely miss something.
Your headbutt misses something. Something hits you!
* * * LOW HITPOINT WARNING * * *
You miss something. Your headbutt misses something.
Something hits you but does no damage.
You miss something. Something hits you.
* * * LOW HITPOINT WARNING * * *
You slash something! You miss something. Something hits you.
* * * LOW HITPOINT WARNING * * *
You barely miss something. Something hits you but does no damage.
You barely miss something. Your headbutt misses something. Something hits you.
* * * LOW HITPOINT WARNING * * *
You closely miss something. Your headbutt misses something. You miss something.
Your headbutt misses something. Something hits you.
* * * LOW HITPOINT WARNING * * *
You hit something. You block something's attack.
You miss something. Something hits you!
You die...

#.#.# #...#
#..## ..
###..#
....###....#
......O.#.###
...PPP.)....#
...K∩P..#{#.#
##...P.##@#...
#..... #.# ##.
###### #...# #
###.# .# . ##


There were no monsters in sight!

Vanquished Creatures
  Pargi (Sewer)
  An ogre (D:3)
  An iguana (D:2)
  2 orc wizards (D:3)
  Natasha (D:3)
  Robin (D:2)
  A river rat (D:3)
  4 adders (D:2)
  3 dart slugs
  An orc (D:3)
  7 endoplasms
  3 giant cockroaches
  20 goblins
  8 hobgoblins
  6 jackals (D:1)
  5 kobolds
  3 quokkas
  7 ball pythons
  A bat (D:2)
  17 frilled lizards
  7 rats
100 creatures vanquished.

Vanquished Creatures (others)
  2 plants (D:3)
2 creatures vanquished.

Grand Total: 102 creatures vanquished

Notes
Turn   | Place    | Note
-------+----------+-------------------------------------------
     0 | D:1      | boopmooplesden the Minotaur Fighter began the quest for the
                  | Orb.
     0 | D:1      | Reached XP level 1. HP: 19/19 MP: 0/0
   339 | D:1      | Found a faded altar of an unknown god.
   386 | D:1      | Reached XP level 2. HP: 18/27 MP: 1/1
   819 | D:1      | Reached XP level 3. HP: 33/33 MP: 2/2
   826 | D:1      | Reached skill level 3 in Long Blades
  1281 | D:2      | Reached XP level 4. HP: 27/40 MP: 3/3
  1550 | D:2      | Noticed Robin
  1572 | D:2      | Killed Robin
  1573 | D:2      | Reached skill level 4 in Long Blades
  1746 | D:2      | Reached XP level 5. HP: 47/47 MP: 4/4
  2222 | D:3      | Found a glowing drain.
  2250 | Sewer    | Entered a sewer
  2429 | Sewer    | Noticed Pargi
  2445 | Sewer    | Killed Pargi
  2446 | Sewer    | Reached skill level 5 in Long Blades
  2446 | Sewer    | Reached skill level 1 in Dodging
  2771 | D:3      | Reached XP level 6. HP: 53/53 MP: 5/5
  3266 | D:3      | Noticed Natasha
  3268 | D:3      | Killed Natasha
  3269 | D:3      | Reached skill level 5 in Armour
  3282 | D:3      | Found Ekhaimick's Antique Armour Emporium.
  3287 | D:3      | Noticed Sigmund
  3300 | D:3      | Reached skill level 6 in Long Blades
  3313 | D:3      | HP: 2/55 [something (6)]
  3317 | D:3      | Slain by Sigmund

Illustrated notes

Levels and vault maps discovered:
D:1:      ncdulo_smallfort, layout_basic, basic_ecumenical_altar
D:2:      layout_basic, uniq_robin
D:3:      layout_basic, nemelex_xobeh_ov_fountains_minmay, portal_sewer_entry_b,
          serial_shops, nicolae_shop_overgrown_old_shop, uniq_grinder,
          uniq_sigmund, uniq_natasha

Skill      XL: |  1  2  3  4  5  6 |
---------------+-------------------+-----
Fighting       | 4 |  4.9
Shields        | 4 |  4.4
Armour         | 4 5 |  5.2
Long Blades    | 3 4 5 6 |  6.1
Dodging        | 1 |  1.6
Stealth        | |  0.4

Action                   |  1- 3 |  4- 6 || total
-------------------------+-------+-------++-------
Melee: Long sword        |    78 |   163 ||   241
       Headbutt          |     8 |    12 ||    20
  Use: Scroll            |       |     3 ||     3
Armor: Scale mail        |    54 |    80 ||   134
Dodge: Dodged            |    46 |    55 ||   101
Block: Buckler           |    21 |    42 ||    63
